 Dungeon Crawl Stone Soup version 0.27.1-33-g824d729ab1 (webtiles) character file.

Game seed: 7890912042928593657

58 zeram the Sneak (level 4, -1/27 (29) HPs)
             Began as an Octopode Brigand on Dec 24, 2021.
             Slain by Crazy Yiuf (2 damage)
             ... on level 2 of the Dungeon.
             The game lasted 00:01:24 (900 turns).

zeram the Sneak (Octopode Brigand)                   Turns: 900, Time: 00:01:26

HP:   -1/27 (29)    AC:  1    Str: 10    XL:     4   Next: 2%
MP:   4/4           EV: 12    Int: 14    God:
Gold: 62            SH:  0    Dex: 13    Spells: 3/3 levels left

rFire    . . .     SeeInvis .   a - +2 dagger
rCold    . . .     Faith    .   (no shield)
rNeg     . . .     Spirit   .   (helmet restricted)
rPois    .         Reflect  .   (no amulet)
rElec    .         Harm     .   j - ring of wizardry
rCorr    .         Rampage  .   (no ring)
Will     .....                  (no ring)
Stlth    +++++.....             (no ring)
HPRegen  0.09/turn              (no ring)
MPRegen  0.09/turn              (no ring)
                                (no ring)
                                (no ring)

@: drained
A: almost no armour, amphibious, 8 rings, camouflage 1, gelatinous body 1,
(nimble swimmer 1), tentacles
a: no special abilities


You were on level 2 of the Dungeon.
You visited 1 branch of the dungeon, and saw 2 of its levels.

You collected 62 gold pieces.

Inventory:

Hand Weapons
 a - a +2 dagger (weapon)
Missiles
 b - 7 poisoned darts (quivered)
 c - 2 curare-tipped darts
Jewellery
 j - a ring of wizardry (left tentacle)
Scrolls
 d - a scroll of noise {unknown}
 e - a scroll of identify {unknown}
 f - 3 scrolls of silence {unknown}
 g - a scroll of magic mapping {unknown}
 h - a scroll of fog {unknown}
 i - a scroll of brand weapon {unknown}


   Skills:
 - Level 2.0 Fighting
 - Level 2.0 Short Blades
 - Level 2.0 Throwing
 - Level 1.0 Dodging
 + Level 7.6 Stealth


You had 3 spell levels left.
You didn't know any spells.
Your spell library was empty.

Dungeon Overview and Level Annotations

Branches:
Dungeon (1/15)

Altars:
Qazlal

Annotations:
D:2 Crazy Yiuf


Innate Abilities, Weirdness & Mutations

You cannot wear most types of armour.
You are amphibious.
You can wear up to eight rings at the same time.
Your skin changes colour to match your surroundings (Stealth+).
Your rubbery body absorbs attacks. (AC +1, EV +1)
((You are camouflaged near water. (Stealth+)))
You have tentacles for arms and can constrict up to eight enemies at once.


Message History

You open the door.
There is an open door here.
Key pressed, stopping explore.
There is a stone staircase leading down here.
You see here a +0 dagger.
You see here a +0 mace.
Key pressed, stopping explore.
Could not explore, unopened runed door.
Could not explore, unopened runed door.
Could not explore, unopened runed door.
No reachable target in view!
No reachable target in view!
No reachable target in view!
Unknown command.
You open the door.
Throw: 8 darts (poison)
Press: ? - help, Q - select action, (/) - cycle Shift-Dir - straight line, f - Crazy Yiuf
Aim: Crazy Yiuf, wielding a +4 quarterstaff of chaos and wearing a +2 cloak (wandering, hasn't noticed you, 63% to hit)
You throw a poisoned dart. The poisoned dart hits Crazy Yiuf.
Crazy Yiuf shouts!
Crazy Yiuf says, "Lay!"
You barely miss Crazy Yiuf. You grab Crazy Yiuf.
You constrict Crazy Yiuf, but do no damage.
Crazy Yiuf hits you with a +4 quarterstaff of chaos!
Crazy Yiuf freezes you.
You release your grip on Crazy Yiuf.
Crazy Yiuf laughs, "Hack unthinkable bush!"
Crazy Yiuf cries, "Leather toodlewoodle pontify!"
Crazy Yiuf grits, "Powder!
Gum wrapper rumpyflump."
You aren't carrying any potions.
Okay, then.
Crazy Yiuf sings, "Trees, trees, trees, circus!"
You hit Crazy Yiuf but do no damage. You grab Crazy Yiuf.
You squeeze Crazy Yiuf.
Crazy Yiuf is moderately wounded.
You constrict Crazy Yiuf, but do no damage.
Crazy Yiuf hits you with a +4 quarterstaff of chaos!
* * * LOW HITPOINT WARNING * * *
You feel drained.
You die...

#'#
#.......#
#.# ♣♣.♣
#)......#
#.# ♣.♣♣
#.#######
#.# ♣♣g♣
#.# #.#
♣.♣♣ #.#
#.# ♣♣.♣♣
#.# #.#
♣.PP♣♣ #.#
#.######
♣P.P.♣ #.#
#.......
#.)..# #@#
########
##..#####g#
#........#
##...#####
#####


You could see Crazy Yiuf.

Vanquished Creatures
  A hound (D:2)
  A worm (D:2)
  A dart slug (D:2)
  3 bats (D:2)
  An endoplasm (D:2)
  2 giant cockroaches (D:2)
  4 goblins (D:2)
  2 hobgoblins
  A quokka (D:1)
  A frilled lizard (D:2)
  2 kobolds
  5 rats
24 creatures vanquished.

Notes
Turn   | Place    | Note
-------+----------+-------------------------------------------
     0 | D:1      | zeram the Octopode Brigand began the quest for the Orb.
     0 | D:1      | Reached XP level 1. HP: 14/14 MP: 1/1
    96 | D:1      | Found a faded altar of an unknown god.
   169 | D:1      | You fall into a shaft and drop 1 floor!
   181 | D:2      | Reached skill level 6 in Stealth
   181 | D:2      | Reached XP level 2. HP: 19/19 MP: 2/2
   279 | D:2      | Found a runed translucent door.
   280 | D:2      | Noticed Crazy Yiuf
   485 | D:2      | Reached XP level 3. HP: 18/24 MP: 3/3
   496 | D:2      | Reached skill level 7 in Stealth
   602 | D:2      | Found a stormy altar of Qazlal.
   610 | D:2      | Reached XP level 4. HP: 29/29 MP: 4/4
   900 | D:2      | HP: 1/29 [Crazy Yiuf (10)]
   900 | D:2      | Slain by Crazy Yiuf

Illustrated notes

Levels and vault maps discovered:
D:1:      minmay_arrival_stair_chambers, layout_basic,
          ebering_ecumenical_altar_box
D:2:      kennysheep_big_flooded_room, layout_basic, basic_altar,
          uniq_crazy_yiuf_cottage

Skill      XL: |  1  2  3 |
---------------+----------+-----
Stealth        | 6 7 |  7.6
Fighting       | |  2.0
Short Blades   | |  2.0
Throwing       | |  2.0
Dodging        | |  1.0

Action                   |  1- 3 |  4- 6 || total
-------------------------+-------+-------++-------
Melee: Dagger            |    38 |     3 ||    41
       Tentacles         |     8 |     2 ||    10
       Constrict         |     5 |     3 ||     8
Throw: Dart              |       |     1 ||     1
 Stab: Sleeping          |    12 |       ||    12
Dodge: Dodged            |    12 |       ||    12
